Map: [ESL] Data-C

Players

ByuN

  • Race: Terran Terran
  • Spawn Location: 3:00

Reynor - Winner!

  • Race: Zerg Zerg
  • League: Master
  • Spawn Location: 9:00

Event: HomeStory Cup XXII

VOD

Have the link to the VOD?

Description

Time

  • Played on: Dec. 18, 2022, 12:48 p.m.
  • Length: 11:49

All games in this series

Show
View Real Time Build Order
Export as new Build Order

ByuN Terran 

Build Orders: Liberator Opening, Reaper Expand 

Get SALT Encoding   

  12  0:00  SCV  
  13  0:12  SCV  
  14  0:17  Supply Depot  
  14  0:24  SCV  
  15  0:38  Barracks  
  15  0:39  SCV  
  16  0:44  Refinery  
  16  0:51  SCV  
  17  1:03  SCV  
  18  1:15  SCV  
  19  1:25  Reaper  
  19  1:27  Orbital Command  
  20  1:40  Command Center  
  20  1:48  Supply Depot  
  20  1:53  SCV  
  21  1:57  Marine  
  22  2:05  SCV  
  22  2:08  Factory  
  23  2:17  SCV  
  24  2:30  SCV  
  25  2:37  Command Center  
  25  2:42  SCV  
  25  2:44  Barracks Reactor  
  26  2:53  Orbital Command  
  26  2:54  SCV  
  27  2:59  Starport  
  27  3:06  SCV  
  27  3:07  Refinery  
  28  3:18  SCV  
  29  3:20  SCV  
  29  3:24  Hellion x2  
  34  3:27  Barracks Tech Lab  
  34  3:29  Marine  
  34  3:31  SCV  
  34  3:32  SCV  
  37  3:43  Liberator, SCV  
  37  3:44  SCV  
  37  3:47  Hellion x2  
  46  3:51  Orbital Command  
  46  3:53  Barracks Tech Lab  
  46  3:55  SCV  
  47  3:56  SCV  
  47  4:02  Supply Depot  
  48  4:08  Hellion x2  
  52  4:10  SCV x2  
  52  4:16  Stimpack, Marine  
  55  4:23  Supply Depot  
  55  4:24  SCV x3  
  60  4:31  Hellion  
  60  4:33  Marine  
  60  4:35  Hellion  
  65  4:39  SCV  
  65  4:40  SCV  
  65  4:41  SCV  
  65  4:42  Supply Depot  
  68  4:47  Starport Reactor  
  68  4:49  Engineering Bay  
  68  4:50  Engineering Bay  
  68  4:51  Marine  
  68  4:52  SCV x2  
  69  4:53  SCV  
  70  5:06  SCV x2, Barracks  
  70  5:07  SCV, Factory Reactor  
  69  5:08  Barracks  
  69  5:09  Marine  
  70  5:14  Refinery x2  
  70  5:17  Terran Infantry Armor Level 1, Terran Infantry Weapons Level 1  
  70  5:19  Orbital Command  
  70  5:24  Barracks  
  70  5:25  Barracks, SCV  
  70  5:26  SCV  
  70  5:27  Marine  
  73  5:38  SCV x2  
  75  5:45  Supply Depot, Marine  
  75  5:46  Supply Depot  
  75  5:48  SCV  
  75  5:49  Supply Depot  
  74  5:50  SCV x2  
  74  5:55  Marine x2  
  78  5:58  Factory Reactor  
  78  6:01  SCV  
  78  6:02  SCV x2, Marine  
  82  6:05  Combat Shield, Marine x2  
  82  6:07  Supply Depot  
  82  6:08  Supply Depot  
  84  6:11  Medivac x2  
  84  6:13  Barracks Reactor, SCV  
  84  6:14  Barracks Reactor, SCV x2  
  84  6:17  Armory  
  91  6:19  Marine x2  
  91  6:20  Marine  
  91  6:25  SCV  
  95  6:26  SCV x2  
  95  6:30  Supply Depot  
  95  6:31  Supply Depot  
  95  6:32  Marine x2  
  99  6:36  Widow Mine  
  99  6:37  SCV, Widow Mine, Marine x2  
  106  6:41  Medivac x2  
  106  6:44  Supply Depot  
  106  6:45  SCV x2  
  112  6:49  SCV, Refinery  
  113  6:57  SCV x2, Marine x4  
  113  6:58  Marine x4  
  113  6:59  Marine  
  126  7:14  Marine  
  126  7:15  Marine  
  126  7:16  Marine x5  
  126  7:17  Widow Mine  
  126  7:18  Widow Mine  
  124  7:32  Terran Infantry Armor Level 2, Terran Infantry Weapons Level 2, Marine  
  124  7:33  Marine x2  
  124  7:34  Marine x3  
  130  7:38  Medivac x2  
  130  7:39  Widow Mine x2  
  130  7:43  Supply Depot  
  136  7:46  Command Center  
  136  7:50  Marine  
  136  7:51  Marine x2  
  137  7:55  SCV x2  
  137  7:56  Supply Depot  
  137  7:57  Marine x3  
  137  7:58  Marine  
  145  8:00  Supply Depot, Widow Mine x2  
  145  8:04  Marine x2  
  151  8:08  Medivac x2  
  155  8:16  Marine x2  
  157  8:20  Barracks  
  157  8:21  SCV x2, Barracks  
  157  8:22  Barracks, Widow Mine x2  
  157  8:23  Marauder  
  165  8:33  Marine x2  
  165  8:34  Marine x5  
  172  8:44  Medivac  
  172  8:46  Medivac, Widow Mine  
  172  8:48  Widow Mine  
  173  8:55  Command Center  
  167  8:57  Command Center  
  167  9:01  Marine x7  
  167  9:02  Marauder, Marine  
  177  9:06  Terran Vehicle And Ship Armor Level 1  
  177  9:08  SCV x3, Widow Mine  
  177  9:09  Barracks Tech Lab x2  
  182  9:12  Barracks Tech Lab  
  179  9:25  Marauder, Marine x6  
  179  9:26  Marine  
  187  9:37  Supply Depot x2  
  187  9:38  Medivac x2  
  187  9:39  Widow Mine x2  
  187  9:42  Marine x2  
  188  9:46  Orbital Command  
  188  9:48  Supply Depot  
  188  9:49  Supply Depot  
  188  9:51  Concussive Shells  
  188  9:55  Marine x2  
  188  9:56  Marauder x2  
  179  10:01  Marauder  
  179  10:04  Marine x3  
  179  10:05  Marine x3  
  164  10:08  Medivac x2  
  164  10:09  Widow Mine  
  164  10:13  Marauder  
  168  10:16  Marine  
  168  10:18  Marauder x2  
  171  10:22  Marauder  
  171  10:23  Sensor Tower, Widow Mine  
  171  10:34  Marine  
  171  10:35  Marauder  
  161  10:37  Widow Mine  
  161  10:38  Medivac x2  
  161  10:39  Marauder x2  
  161  10:42  Marine x2  
  156  10:43  SCV, Marauder  
  156  10:46  SCV x2  
  142  10:53  Orbital Command x2  
  142  10:56  Marauder  
  144  10:58  Marine x5  
  144  11:00  Marauder x2  
  144  11:02  Widow Mine x2  
  157  11:05  Marauder  
  157  11:08  Medivac x2  
  157  11:10  Marine  
  160  11:22  Marauder  
  160  11:23  Widow Mine x2  
  160  11:24  Marine  
  157  11:30  SCV x2  
Show
View Real Time Build Order
Export as new Build Order

Reynor Zerg - Winner!

Build Orders: Hatch First 

Get SALT Encoding   

  12  0:00  Drone  
  13  0:11  Overlord  
  13  0:16  Drone  
  14  0:30  Drone x2  
  16  0:47  Hatchery  
  15  0:51  Drone  
  15  0:54  Drone  
  17  0:57  Drone  
  18  1:09  Extractor  
  17  1:13  Spawning Pool  
  17  1:17  Drone  
  17  1:19  Drone  
  18  1:27  Drone  
  19  1:38  Drone  
  20  1:48  Overlord  
  20  1:59  Queen  
  20  2:00  Queen  
  24  2:01  Zergling x2  
  24  2:02  Zergling x2  
  26  2:10  Drone x2  
  28  2:20  Drone  
  28  2:22  Drone  
  30  2:30  Hatchery  
  30  2:31  Drone  
  30  2:33  Drone  
  31  2:42  Drone, Overlord  
  32  2:46  Metabolic Boost  
  32  2:52  Drone  
  32  2:53  Drone  
  32  2:55  Queen  
  36  3:02  Queen  
  36  3:05  Drone  
  39  3:09  Drone x2  
  41  3:13  Overlord  
  41  3:16  Drone x2  
  41  3:19  Drone  
  44  3:26  Overlord  
  44  3:32  Queen, Drone  
  47  3:35  Drone  
  47  3:39  Queen  
  50  3:42  Drone x2  
  50  3:47  Queen, Overlord  
  54  3:51  Drone  
  54  3:53  Drone  
  56  3:57  Drone  
  56  4:02  Drone  
  58  4:03  Overlord  
  58  4:04  Overlord  
  58  4:06  Drone x2  
  58  4:07  Drone  
  58  4:09  Drone  
  62  4:11  Drone x2  
  62  4:14  Queen  
  65  4:18  Overlord  
  65  4:19  Drone  
  66  4:24  Zergling x2  
  66  4:25  Zergling x4, Baneling Nest  
  69  4:31  Zergling x2  
  69  4:33  Zergling x6  
  69  4:35  Overlord  
  69  4:37  Queen  
  74  4:40  Drone  
  74  4:41  Spore Crawler  
  74  4:45  Drone x4  
  78  4:49  Drone x2  
  78  4:51  Spore Crawler  
  79  4:53  Lair  
  79  4:54  Drone  
  79  4:55  Drone  
  79  4:56  Drone  
  79  4:59  Overlord, Extractor  
  81  5:03  Drone x2  
  81  5:05  Drone x2  
  82  5:10  Drone x2  
  82  5:11  Spore Crawler, Drone  
  83  5:16  Drone x2  
  85  5:22  Drone  
  85  5:24  Overlord  
  86  5:30  Overlord  
  86  5:35  Drone  
  87  5:36  Drone x3  
  87  5:40  Hatchery  
  89  5:44  Drone  
  89  5:46  Drone x3  
  89  5:48  Drone x2  
  95  5:51  Drone x2, Evolution Chamber  
  95  5:52  Evolution Chamber  
  95  5:55  Drone x3  
  98  5:58  Centrifugal Hooks  
  98  6:00  Drone x3  
  98  6:02  Extractor  
  98  6:03  Drone x2, Extractor  
  98  6:04  Extractor  
  100  6:09  Extractor  
  100  6:11  Drone x2  
  101  6:14  Drone x3  
  101  6:15  Spore Crawler  
  101  6:17  Spore Crawler, Overlord  
  101  6:18  Drone  
  103  6:21  Drone  
  103  6:23  Drone x2  
  106  6:27  Zerg Ground Armor Level 1, Overlord  
  106  6:32  Zergling x4  
  108  6:34  Zergling x6  
  108  6:35  Zergling x4  
  108  6:36  Zergling x4  
  108  6:37  Baneling x2  
  108  6:38  Baneling x5  
  115  6:41  Drone  
  115  6:46  Zergling x4  
  118  6:47  Spore Crawler  
  118  6:50  Zerg Melee Weapons Level 1  
  117  6:55  Drone x4  
  117  6:57  Queen  
  117  7:00  Zergling x4  
  117  7:01  Baneling x4  
  125  7:05  Zergling x12  
  125  7:06  Zergling x2  
  132  7:09  Hydralisk Den, Overlord  
  132  7:14  Drone x2  
  132  7:16  Zergling x2  
  130  7:25  Zergling x2  
  130  7:26  Zergling x4  
  130  7:27  Zergling x2  
  132  7:31  Drone x4  
  132  7:35  Zergling x12  
  142  7:39  Muscular Augments, Overlord x3  
  142  7:40  Overlord  
  142  7:41  Baneling x6  
  142  7:43  Hatchery  
  141  7:44  Zergling x4  
  141  7:49  Baneling x8, Overlord  
  143  7:57  Extractor  
  142  7:58  Hydralisk  
  142  7:59  Hydralisk x5  
  142  8:04  Hydralisk x2  
  142  8:05  Zergling x8  
  162  8:09  Hydralisk x2  
  162  8:10  Zergling x6  
  168  8:13  Pneumatized Carapace  
  168  8:26  Zerg Ground Armor Level 2  
  168  8:27  Zergling x18  
  168  8:28  Spore Crawler  
  168  8:30  Overlord  
  176  8:39  Zergling x2  
  176  8:40  Zergling x16, Overseer  
  166  8:50  Grooved Spines  
  166  8:51  Zergling x14  
  166  8:55  Zergling x6  
  174  8:59  Zerg Melee Weapons Level 2, Infestation Pit  
  174  9:00  Zergling x14  
  174  9:01  Zergling x2  
  174  9:02  Baneling x7  
  181  9:03  Baneling x6  
  181  9:05  Zergling x2  
  181  9:06  Zergling x2  
  183  9:10  Zergling x6  
  183  9:13  Baneling x8  
  183  9:15  Zergling x8  
  183  9:16  Zergling x2  
  191  9:23  Zergling x10  
  188  9:26  Hydralisk  
  188  9:27  Zergling x10  
  195  9:32  Zergling x6  
  195  9:35  Overlord  
  193  9:39  Zergling x8  
  193  9:42  Zergling x6  
  193  9:43  Hive  
  192  9:47  Zergling x2  
  193  9:53  Zergling x8  
  193  9:56  Zergling x2  
  193  10:01  Hydralisk  
  193  10:02  Zergling x6  
  193  10:04  Zergling x4  
  193  10:05  Zergling x2  
  192  10:08  Hydralisk  
  192  10:10  Zergling x2  
  192  10:11  Baneling x4  
  195  10:14  Zergling x4  
  196  10:23  Zergling x6  
  199  10:32  Zergling x18  
  199  10:34  Zergling x8  
  193  10:36  Hatchery  
  193  10:38  Hydralisk  
  193  10:39  Zergling x4  
  180  10:43  Zergling x6, Hydralisk  
  180  10:46  Zergling x6  
  180  10:47  Zergling x2  
  180  10:48  Zergling x4  
  179  10:53  Zergling x10, Baneling  
  179  10:54  Baneling x36  
  183  10:59  Viper x2  
  183  11:01  Zergling x2  
  183  11:03  Zergling x2, Hydralisk  
  193  11:04  Zergling x2  
  193  11:05  Zergling x2  
  193  11:10  Zergling x8  
  178  11:21  Zergling x22  
  178  11:24  Zergling x2  
  178  11:27  Zergling x4  
  178  11:31  Zergling x2  
Tags
 
Add a new tag
Caveats
  • Supply blocks, unpowered buildings, or Contaminate may cause inaccurate times.
  • Supply counts are checked every 10 seconds.